SNL (28 & UNDER)
BEAUMONT ROUGHNECKS @ BLACKIRON DRAGONS
07/26/2030
 
TOP OF THE 1ST
Beaumont Roughnecks batting - Pitching for BlackIron Dragons : RHP Ole Moree
Pitching: RHP Ole Moree
Batting: RHB Jeff Vickers 0-0: Ball
1-0: Fly out, F9 (Line Drive, 9)
Batting: RHB António Aguilar 0-0: Foul Ball, location: 2F
0-1: Ball
1-1: Foul Ball, location: 2F
1-2: Ball
2-2: Strikes out swinging
Batting: LHB Corey MacGregor 0-0: Ball
1-0: Ball
2-0: Foul Ball, location: 2F
2-1: Ball
3-1: Base on Balls
Batting: SHB Miguel González 0-0: Called Strike
0-1: Called Strike
0-2: Strikes out swinging
Top of the 1st over - 0 runs, 0 hits, 0 errors, 1 left on base; Beaumont 0 - BlackIron 0
BOTTOM OF THE 1ST
BlackIron Dragons batting - Pitching for Beaumont Roughnecks : LHP Hunter Johnson
Pitching: LHP Hunter Johnson
Batting: RHB Joaquín Valenzuela 0-0: Swinging Strike
0-1: Ground out U3 (Groundball, 3)
Batting: RHB Mel Wells 0-0: Ball
1-0: Ball
2-0: Called Strike
2-1: DOUBLE (Groundball, 5L)
Batting: RHB Foster Hapgood 0-0: Ball
1-0: Ball
2-0: SINGLE (Groundball, 56D)
Mel Wells to third
Runner from 3rd tries for Home, SAFE, no throw
Batting: RHB Millard Long 0-0: Called Strike
0-1: Ball
1-1: Foul Ball, location: 2F
1-2: Ball
2-2: Ball
3-2: Fielders Choice at 2nd, 6-4 (Groundball, 56D)
Batting: RHB Iván Granados 0-0: Ball
1-0: Swinging Strike
1-1: Swinging Strike
1-2: Ball
2-2: Ball
3-2: Foul Ball, location: 2F
3-2: Base on Balls
Millard Long to second
Batting: RHB Randall Walker 0-0: Fielders Choice at 2nd, 6-4 (Groundball, 6)
Bottom of the 1st over - 1 run, 2 hits, 0 errors, 2 left on base; Beaumont 0 - BlackIron 1
TOP OF THE 2ND
Beaumont Roughnecks batting - Pitching for BlackIron Dragons : RHP Ole Moree
Batting: RHB Jim MacAchounich 0-0: Ball
1-0: Called Strike
1-1: Ball
2-1: Swinging Strike
2-2: Strikes out swinging
Batting: LHB John Fitzgerald 0-0: Ball
1-0: Ball
2-0: Called Strike
2-1: Foul Ball, location: 2F
2-2: Foul Ball, location: 2F
2-2: Ball
3-2: Base on Balls
Batting: SHB Walton Locke 0-0: Ball
1-0: Called Strike
1-1: Foul Ball, location: 2F
1-2: Ground out 6-3 (Groundball, 6MS)
John Fitzgerald to second
Batting: SHB Miguel Hurtado 0-0: Called Strike
0-1: Ball
1-1: Ball
2-1: Called Strike
2-2: Strikes out looking
Top of the 2nd over - 0 runs, 0 hits, 0 errors, 1 left on base; Beaumont 0 - BlackIron 1
BOTTOM OF THE 2ND
BlackIron Dragons batting - Pitching for Beaumont Roughnecks : LHP Hunter Johnson
Batting: RHB Júlio Rodríguez 0-0: Foul Ball, location: 2F
0-1: Ball
1-1: Ball
2-1: Swinging Strike
2-2: Ball
3-2: Base on Balls
Batting: RHB Jason Erickson 0-0: Ball
1-0: Foul Ball, location: 2F
1-1: Ball
2-1: Foul Ball, location: 2F
2-2: Fly out, F8 (Flyball, 8LD)
Batting: RHB Jorge Loanos 0-0: Called Strike
0-1: Ball
1-1: Foul Ball, location: 2F
1-2: Foul Ball, location: 2F
1-2: Ball
2-2: SINGLE (Line Drive, 6MD)
Júlio Rodríguez to second
Batting: RHB Joaquín Valenzuela 0-0: Called Strike
0-1: Foul Ball, location: 2F
0-2: Ground out 3-1 (Groundball, 34S)
Júlio Rodríguez to third
Jorge Loanos to second
Batting: RHB Mel Wells 0-0: Called Strike
0-1: Foul Ball, location: 2F
0-2: SINGLE (Groundball, 4MD)
Júlio Rodríguez scores
Jorge Loanos to third
Batting: RHB Foster Hapgood 0-0: Ball
1-0: Ball
Wild Pitch!
Jorge Loanos scores
Mel Wells to second
2-0: Ball
3-0: Called Strike
3-1: Base on Balls
Batting: RHB Millard Long 0-0: Ball
1-0: Called Strike
1-1: Ball
2-1: Called Strike
2-2: Ball
3-2: SINGLE (Groundball, 6MD)
Mel Wells to third
Foster Hapgood to second
Mel Wells scores
Foster Hapgood to third
Batting: RHB Iván Granados 0-0: Called Strike
0-1: Foul Ball, location: 2F
0-2: Ball
1-2: Ball
2-2: Ball
3-2: Fly out, F9 (Flyball, 9S)
Bottom of the 2nd over - 3 runs, 3 hits, 0 errors, 2 left on base; Beaumont 0 - BlackIron 4
TOP OF THE 3RD
Beaumont Roughnecks batting - Pitching for BlackIron Dragons : RHP Ole Moree
Batting: LHB Roberto Félix 0-0: Ball
1-0: Ball
2-0: Swinging Strike
2-1: Fly out, F5 (Line Drive, 56)
Batting: RHB Jeff Vickers 0-0: Ball
1-0: Foul Ball, location: 2F
1-1: Foul Ball, location: 2F
1-2: Ball
2-2: Foul Ball, location: 2F
2-2: Foul Ball, location: 2F
2-2: Foul Ball, location: 2F
2-2: Strikes out swinging
Batting: RHB António Aguilar 0-0: Ball
1-0: Called Strike
1-1: Ball
2-1: Ball
3-1: Base on Balls
Batting: LHB Corey MacGregor 0-0: Ball
1-0: SINGLE (Flyball, 9S)
António Aguilar to second
Runner from 2nd tries for 3rd, SAFE, no throw
Batting: SHB Miguel González 0-0: Ground out 1-3 (Groundball, 13)
Top of the 3rd over - 0 runs, 1 hit, 0 errors, 2 left on base; Beaumont 0 - BlackIron 4
BOTTOM OF THE 3RD
BlackIron Dragons batting - Pitching for Beaumont Roughnecks : LHP Hunter Johnson
Batting: RHB Randall Walker 0-0: Ball
1-0: Foul Ball, location: 2F
1-1: Fly out, F9 (Flyball, 9S)
Batting: RHB Júlio Rodríguez 0-0: Ball
1-0: Foul Ball, location: 2F
1-1: Foul Ball, location: 2F
1-2: Fly out, F8 (Flyball, 8LS)
Batting: RHB Jason Erickson 0-0: Ball
1-0: Foul Ball, location: 2F
1-1: DOUBLE (Flyball, 8LXD)
Batting: RHB Jorge Loanos 0-0: Ball
1-0: Swinging Strike
1-1: Swinging Strike
1-2: Ball
2-2: Foul Ball, location: 2F
2-2: Ball
3-2: Base on Balls
Batting: RHB Joaquín Valenzuela 0-0: Called Strike
0-1: Foul Ball, location: 2F
0-2: Ball
1-2: Ball
2-2: Foul Ball, location: 2F
2-2: Ball
3-2: Fly out, F7 (Line Drive, 7S)
Bottom of the 3rd over - 0 runs, 1 hit, 0 errors, 2 left on base; Beaumont 0 - BlackIron 4
TOP OF THE 4TH
Beaumont Roughnecks batting - Pitching for BlackIron Dragons : RHP Ole Moree
Batting: RHB Jim MacAchounich 0-0: Ball
1-0: Foul Ball, location: 2F
1-1: Foul Ball, location: 2F
1-2: Strikes out swinging
Batting: LHB John Fitzgerald 0-0: Ball
1-0: Ball
2-0: Foul Ball, location: 2F
2-1: Ball
3-1: Base on Balls
Batting: SHB Walton Locke 0-0: Foul Ball, location: 2F
0-1: Fielders Choice at 2nd, 6-4 (Groundball, 6M)
Batting: SHB Miguel Hurtado Pickoff Throw to First - Out!
Top of the 4th over - 0 runs, 0 hits, 0 errors, 0 left on base; Beaumont 0 - BlackIron 4
BOTTOM OF THE 4TH
BlackIron Dragons batting - Pitching for Beaumont Roughnecks : LHP Hunter Johnson
Batting: RHB Mel Wells 0-0: Called Strike
0-1: Called Strike
0-2: Ball
1-2: Ground out 3-1 (Groundball, 34S)
Batting: RHB Foster Hapgood 0-0: Called Strike
0-1: Fly out, F8 (Flyball, 8RM)
Batting: RHB Millard Long 0-0: Foul Ball, location: 2F
0-1: Ball
1-1: Ball
2-1: Ball
3-1: Foul Ball, location: 2F
3-2: SINGLE (Groundball, 34D) (infield hit)
Batting: RHB Iván Granados 0-0: Ball
1-0: Ground out 3-1 (Groundball, 34S)
Bottom of the 4th over - 0 runs, 1 hit, 0 errors, 1 left on base; Beaumont 0 - BlackIron 4
TOP OF THE 5TH
Beaumont Roughnecks batting - Pitching for BlackIron Dragons : RHP Ole Moree
Batting: SHB Miguel Hurtado 0-0: Foul Ball, location: 2F
0-1: Called Strike
0-2: Ball
1-2: Strikes out swinging
Batting: LHB Roberto Félix 0-0: Foul Ball, location: 2F
0-1: Called Strike
0-2: Ball
1-2: Strikes out swinging
Batting: RHB Jeff Vickers 0-0: Foul Ball, location: 2F
0-1: Foul Ball, location: 2F
0-2: Foul Ball, location: 2F
0-2: Foul Ball, location: 2F
0-2: Ground out 5-3 (Groundball, 56)
Top of the 5th over - 0 runs, 0 hits, 0 errors, 0 left on base; Beaumont 0 - BlackIron 4
BOTTOM OF THE 5TH
BlackIron Dragons batting - Pitching for Beaumont Roughnecks : LHP Hunter Johnson
Batting: RHB Randall Walker 0-0: Called Strike
0-1: Fly out, F8 (Flyball, 8LXD)
Batting: RHB Júlio Rodríguez 0-0: Swinging Strike
0-1: Swinging Strike
0-2: Ball
1-2: Strikes out looking
Batting: RHB Jason Erickson 0-0: Ball
1-0: Ball
2-0: Ground out 4-3 (Groundball, 4S)
Bottom of the 5th over - 0 runs, 0 hits, 0 errors, 0 left on base; Beaumont 0 - BlackIron 4
TOP OF THE 6TH
Beaumont Roughnecks batting - Pitching for BlackIron Dragons : RHP Ole Moree
Batting: RHB António Aguilar 0-0: Ball
1-0: SINGLE (Groundball, 13S) (infield hit)
Batting: LHB Corey MacGregor 0-0: Foul Ball, location: 2F
0-1: Called Strike
0-2: Ball
1-2: Ball
2-2: SINGLE (Flyball, 89M)
António Aguilar to second
Runner from 2nd tries for 3rd, SAFE, no throw
Batting: SHB Miguel González 0-0: Swinging Strike
0-1: Swinging Strike
0-2: Foul Ball, location: 2F
0-2: Strikes out swinging
Batting: RHB Jim MacAchounich 0-0: Called Strike
0-1: Ball
1-1: Ball
2-1: Called Strike
2-2: Foul Ball, location: 2F
2-2: Strikes out swinging
Batting: LHB John Fitzgerald 0-0: Called Strike
0-1: Ball
1-1: Foul Ball, location: 2F
1-2: Ball
2-2: Foul Ball, location: 2F
2-2: Fielders Choice at 2nd, U6 (Groundball, 6M)
Top of the 6th over - 0 runs, 2 hits, 0 errors, 2 left on base; Beaumont 0 - BlackIron 4
BOTTOM OF THE 6TH
BlackIron Dragons batting - Pitching for Beaumont Roughnecks : LHP Hunter Johnson
Pitching: RHP James Edwards
Batting: RHB Jorge Loanos 0-0: Called Strike
0-1: Foul Ball, location: 2F
0-2: Strikes out swinging
Batting: RHB Joaquín Valenzuela 0-0: Ball
1-0: Called Strike
1-1: Ball
2-1: SINGLE (Flyball, 89S)
Batting: RHB Mel Wells 0-0: Ball
1-0: Ball
2-0: Ball
3-0: Called Strike
3-1: Foul Ball, location: 2F
3-2: Fielders Choice at 2nd, 6-4 (Groundball, 6)
Batting: RHB Foster Hapgood 0-0: Ball
1-0: Ball
2-0: Foul Ball, location: 2F
2-1: Called Strike
2-2: Strikes out swinging
Bottom of the 6th over - 0 runs, 1 hit, 0 errors, 1 left on base; Beaumont 0 - BlackIron 4
TOP OF THE 7TH
Beaumont Roughnecks batting - Pitching for BlackIron Dragons : RHP Ole Moree
Batting: SHB Walton Locke 0-0: Ball
1-0: Swinging Strike
1-1: Swinging Strike
1-2: Strikes out swinging
Batting: SHB Miguel Hurtado 0-0: SINGLE (Groundball, 6D)
Pitching: RHP José Moreno
Batting: LHB Roberto Félix 0-0: Ball
1-0: Ball
2-0: Ball
3-0: Base on Balls
Miguel Hurtado to second
Batting: RHB Jeff Vickers 0-0: Ball
1-0: Grounds into double play, 4-6-3 (Groundball, 4)
Top of the 7th over - 0 runs, 1 hit, 0 errors, 1 left on base; Beaumont 0 - BlackIron 4
BOTTOM OF THE 7TH
BlackIron Dragons batting - Pitching for Beaumont Roughnecks : RHP James Edwards
Batting: RHB Millard Long 0-0: Foul Ball, location: 2F
0-1: Ball
1-1: SINGLE (Groundball, 34D)
Batting: RHB Iván Granados 0-0: Called Strike
0-1: Swinging Strike
0-2: Ball
1-2: Strikes out swinging
Batting: RHB Randall Walker 0-0: Ground out 6-3 (Groundball, 6S)
Millard Long to second
Batting: RHB Júlio Rodríguez 0-0: Ball
1-0: Called Strike
1-1: Foul Ball, location: 2F
1-2: Strikes out swinging
Bottom of the 7th over - 0 runs, 1 hit, 0 errors, 1 left on base; Beaumont 0 - BlackIron 4
TOP OF THE 8TH
Beaumont Roughnecks batting - Pitching for BlackIron Dragons : RHP José Moreno
Batting: RHB António Aguilar 0-0: Ball
1-0: Foul Ball, location: 2F
1-1: Ball
2-1: Swinging Strike
2-2: Foul Ball, location: 2F
2-2: Foul Ball, location: 2F
2-2: Strikes out swinging
Batting: LHB Corey MacGregor 0-0: Called Strike
0-1: Ball
1-1: Fly out, F3 (Popup, 3SF)
Batting: SHB Miguel González 0-0: Foul Ball, location: 2F
0-1: Ball
1-1: Swinging Strike
1-2: Strikes out looking
Top of the 8th over - 0 runs, 0 hits, 0 errors, 0 left on base; Beaumont 0 - BlackIron 4
BOTTOM OF THE 8TH
BlackIron Dragons batting - Pitching for Beaumont Roughnecks : RHP James Edwards
Batting: RHB Jason Erickson 0-0: Ball
1-0: Ball
2-0: Ball
3-0: Called Strike
3-1: Called Strike
3-2: Strikes out looking
Batting: RHB Jorge Loanos 0-0: Ball
1-0: Ball
2-0: Foul Ball, location: 2F
2-1: Ball
3-1: Base on Balls
Batting: RHB Joaquín Valenzuela 0-0: Swinging Strike
0-1: Ball
1-1: Ball
2-1: Ball
3-1: DOUBLE (Line Drive, 8LD)
Jorge Loanos to third
Batting: RHB Mel Wells 0-0: Ball
1-0: Foul Ball, location: 2F
1-1: Hit by Pitch
Batting: RHB Foster Hapgood 0-0: Swinging Strike
0-1: Swinging Strike
0-2: Strikes out swinging
Batting: RHB Millard Long 0-0: Ball
1-0: Called Strike
1-1: Foul Ball, location: 2F
1-2: Foul Ball, location: 2F
1-2: Foul Ball, location: 2F
1-2: Ball
2-2: Foul Ball, location: 2F
2-2: Ball
3-2: Fly out, F8 (Flyball, 8RXD)
Bottom of the 8th over - 0 runs, 1 hit, 0 errors, 3 left on base; Beaumont 0 - BlackIron 4
TOP OF THE 9TH
Beaumont Roughnecks batting - Pitching for BlackIron Dragons : RHP José Moreno
Batting: RHB Jim MacAchounich 0-0: Called Strike
0-1: Ball
1-1: Ball
2-1: Ball
3-1: Foul Ball, location: 2F
3-2: Strikes out swinging
Batting: LHB John Fitzgerald 0-0: Ball
1-0: Ball
2-0: Ball
3-0: Base on Balls
Batting: SHB Walton Locke 0-0: SINGLE (Line Drive, 56D)
John Fitzgerald to second
Pitching: RHP Corey Brown
Batting: SHB Miguel Hurtado 0-0: Ball
1-0: Called Strike
1-1: Swinging Strike
1-2: Ball
2-2: Foul Ball, location: 2F
2-2: Foul Ball, location: 2F
2-2: Fly out, F5 (Line Drive, 5)
Batting: LHB Roberto Félix 0-0: Ball
1-0: Called Strike
1-1: Swinging Strike
1-2: Ball
2-2: Strikes out looking
Top of the 9th over - 0 runs, 1 hit, 0 errors, 2 left on base; Beaumont 0 - BlackIron 4
Saturday, April 7th, 2018 - OOTP Baseball 18.8 Build 76